 Dungeon Crawl Stone Soup version 0.21-a0-507-ga8f6b7a (webtiles) character file.

63 theanonym the Chopper (level 3, 0/29 HPs)
             Began as a Demigod Skald on Nov 27, 2017.
             Slain by Crazy Yiuf
             ... wielding a +2 quarterstaff of chaos
              (4 damage)
             ... on level 2 of the Dungeon.
             The game lasted 00:01:58 (2385 turns).

theanonym the Chopper (Demigod Skald)               Turns: 2385, Time: 00:01:59

Health: 0/29       AC: 11    Str: 16    XL:     3   Next: 63%
Magic:  17/17      EV:  5    Int: 17    God:
Gold:   114        SH:  0    Dex: 15    Spells: 4/5 levels left

rFire    . . .     SeeInvis .   a - +0 hand axe
rCold    . . .     Gourm    .   (no shield)
rNeg     + . .     Faith    .   o - +0 plate armour
rPois    .         Spirit   .   q - +1 hat
rElec    .         Reflect  .   (no cloak)
rCorr    .         Harm     .   (no gloves)
MR       .....                  (no boots)
Stlth    ..........             (no amulet)
HPRegen  0.09/turn              h - ring of magical power {MP+9}
MPRegen  0.15/turn              j - ring of positive energy {rN+}

@: lethally poisoned (0 -> -9), drained
A: high mp 1
a: no special abilities


Innate Abilities, Weirdness & Mutations

You have an increased reservoir of magic. (+10% MP)


   Skills:
 - Level 1.7(1.6) Fighting
 + Level 3.9(3.8) Axes
 - Level 0.8(0.7) Armour
 - Level 1.7(1.6) Dodging
 - Level 1.7(1.6) Spellcasting
 - Level 2.6(2.5) Charms


You had 4 spell levels left.
You knew the following spells:

 Your Spells              Type           Power        Failure   Level  Hunger
a - Infusion              Chrm           ##..         99%         1    ##.....

Skill      XL: |  1  2 |
---------------+-------+-----
Axes           | 2 3 |  3.9
Fighting       | |  1.7
Armour         | |  0.8
Dodging        | |  1.7
Spellcasting   | |  1.7
Charms         | |  2.6

Action                   || total
-------------------------++-------
Melee: Hand axe          ||   122
 Cast: Infusion          ||     2
 Stab: Sleeping          ||     1
  Eat: Chunk             ||     4
Armor: Leather armour    ||     9
       Plate armour      ||    63
Dodge: Dodged            ||    44

Inventory:

Hand Weapons
 a - a +0 hand axe (weapon)
Missiles
 n - 8 silver tomahawks (quivered)
Armour
 b - a +0 leather armour
 o - a +0 plate armour (worn)
   (You found it on level 1 of the Dungeon)
 q - a +1 hat (worn)
   (You found it on level 2 of the Dungeon)
Jewellery
 h - a ring of magical power (left hand) {MP+9}
   (You found it on level 1 of the Dungeon)
 j - a ring of positive energy (right hand) {rN+}
   (You found it on level 1 of the Dungeon)
Scrolls
 g - a scroll of blinking {unknown}
 i - a scroll of identify {unknown}
 k - a scroll of magic mapping {unknown}
 l - a scroll of remove curse {unknown}
 p - a scroll of enchant armour {unknown}
 u - a scroll of enchant weapon {unknown}
Potions
 e - a potion of heal wounds {unknown}
 f - a potion of lignification {unknown}
 m - a potion of curing {unknown}
 r - a potion of berserk rage {unknown}
 t - a potion of agility {unknown}
Books
 c - a book of Battle

   Spells                             Type                      Level
   a - Infusion                       Charms                       1
   b - Shroud of Golubria             Charms/Translocation         2
   c - Song of Slaying                Charms                       2
   d - Spectral Weapon                Hexes/Charms                 3
   e - Regeneration                   Charms/Necromancy            3
Comestibles
 d - 3 bread rations
 s - 2 meat rations

Dungeon Overview and Level Annotations

Branches:
Dungeon (2/15)

Annotations:
D:2 Crazy Yiuf


You were on level 2 of the Dungeon.
You were hungry.

You visited 1 branch of the dungeon, and saw 2 of its levels.

You collected 114 gold pieces.


Message History

You take 3 damage, and have 7/29 hp.
You start resting.
You are feeling very hungry.
You regained 13 hp, and now have 20/29 hp.
You start resting.
Health restored: 29
s - 2 meat rations (gained 1)
You now have 66 gold pieces (gained 14).
u - a scroll labeled WEQ CACWEBY You are near starving!
A giant cockroach comes into view.
A giant cockroach is nearby!
A giant cockroach is nearby!
A giant cockroach is nearby!
You hit the giant cockroach. The giant cockroach bites you.
You take 1 damage, and have 28/29 hp.
You hit the giant cockroach.
You kill the giant cockroach!
No target in view!
No target in view!
No target in view!
A hobgoblin comes into view. It is wielding a club.
The hobgoblin shouts!
Found 8 gold pieces.
Health restored: 29 A hobgoblin is nearby!
A hobgoblin is nearby!
A hobgoblin is nearby!
A hobgoblin is nearby!
You closely miss the hobgoblin.
The hobgoblin hits you but does no damage.
You hit the hobgoblin.
The hobgoblin hits you but does no damage.
You closely miss the hobgoblin.
The hobgoblin hits you but does no damage.
You hit the hobgoblin.
You kill the hobgoblin!
No target in view!
No target in view!
Things that are here:
a club; a hobgoblin corpse You butcher the hobgoblin corpse.
v - 4 chunks of flesh You see here a club. x2
Eating one of 4 chunks of flesh.
You eat one of the 4 chunks of flesh.
You are feeling hungry.
Eating one of 3 chunks of flesh.
You eat one of the 3 chunks of flesh.
You now have 74 gold pieces (gained 8).
You now have 84 gold pieces (gained 10).
You now have 101 gold pieces (gained 17).
Key pressed, stopping explore.
d - 3 bread rations (gained 1)
There is an open door here.
There is an open door here.
There is an open door here.
Found a stone staircase leading down.
There is an open door here.
There is an open door here.
You see here a club.
There is an open door here.
Found a stone staircase leading down.
All of the chunks of flesh in your inventory have rotted away.
You are feeling hungry.
You now have 114 gold pieces (gained 13).
No target in view!
You open the door.
Crazy Yiuf the Enlightened comes into view.
He is wielding a quarterstaff of chaos.
Crazy Yiuf says, "Tosser foot fast!"
Found a mace.
There is an open door here.
You hit Crazy Yiuf but do no damage. Crazy Yiuf hits you but does no damage.
You slash Crazy Yiuf! Crazy Yiuf barely misses you.
You hit Crazy Yiuf but do no damage.
Crazy Yiuf hits you with a quarterstaff of chaos.
You are poisoned.
You take 6 damage, and have 23/29 hp.
MASSIVE DAMAGE!!
Your plate armour prevents you from hitting Crazy Yiuf.
You feel sick. Crazy Yiuf hits you but does no damage. You partially resist.
You feel drained.
You take 2 damage, and have 21/29 hp.
You hit Crazy Yiuf but do no damage.
You feel sick.
Crazy Yiuf hits you with a quarterstaff of chaos.
You take 2 damage, and have 19/29 hp.
You are too injured to fight recklessly!
You are too injured to fight recklessly!
You are too injured to fight recklessly!
You are too injured to fight recklessly!
You are too injured to fight recklessly!
You hit Crazy Yiuf but do no damage.
You feel sick.
Crazy Yiuf hits you with a quarterstaff of chaos.
You take 3 damage, and have 16/29 hp.
You completely miss Crazy Yiuf.
You feel sick.
Crazy Yiuf hits you with a quarterstaff of chaos.
* * * LOW HITPOINT WARNING * * *
You take 4 damage, and have 12/29 hp.
You hit Crazy Yiuf.
You feel sick.
Crazy Yiuf hits you with a quarterstaff of chaos!
* * * LOW HITPOINT WARNING * * *
Crazy Yiuf freezes you.
You die...

.....#####.#...#.#.###.##.#.#####
####.# #.)...#.#.#.....##.#....<.
#.# #...##############.#######
###### #...# #.........# ..#
#...# ##### ####.####.# ..# #...#
#..)# #(# #.# ..# #...# #...#
###+####.## ..########## #.g.#
#......#.#. ..'........# #@#
#......#.#. ..########## ##.#
#......#.#. .........>.# #.##
###.####.#. ############ ##.#
####.####.## #.## #......>#.#
##.## #####.#.#.# #...##
#####.#.#.# #..#.# #.....#.#.#
##..## ####..#.#.#


You could see Crazy Yiuf.

Notes
Turn   | Place    | Note
-------+----------+-------------------------------------------
     0 | D:1      | theanonym the Demigod Skald began the quest for the Orb.
     0 | D:1      | Reached XP level 1. HP: 17/17 MP: 5/5
    42 | D:1      | Reached skill level 2 in Axes
   217 | D:1      | Reached XP level 2. HP: 24/24 MP: 5/7
   804 | D:2      | Reached skill level 3 in Axes
   816 | D:2      | HP: 12/24 [poisoned by an adder]
  1092 | D:2      | Found a runed door.
  1159 | D:2      | Reached XP level 3. HP: 28/29 MP: 8/8
  1671 | D:2      | HP: 14/29 [adder (2)]
  1677 | D:2      | HP: 10/29 [poisoned by an adder]
  1683 | D:2      | HP: 9/29 [poisoned by an adder]
  1691 | D:2      | HP: 8/29 [poisoned by an adder]
  2376 | D:2      | Noticed Crazy Yiuf
  2384 | D:2      | HP: 12/29 [Crazy Yiuf/quarterstaff of chaos (3)]
  2385 | D:2      | HP: 4/29 [Crazy Yiuf/quarterstaff of chaos (7)]
  2385 | D:2      | Slain by Crazy Yiuf

Vanquished Creatures
  3 adders (D:2)
  A leopard gecko (D:2)
  2 ball pythons (D:1)
  2 giant cockroaches
  4 goblins
  7 hobgoblins
  4 bats (D:1)
  A frilled lizard (D:2)
  6 kobolds
  2 rats
32 creatures vanquished.
